 Dungeon Crawl Stone Soup version 0.13-a0-1638-g9943704 (webtiles) character file.

752 grblr the Spear-Bearer (level 7, 0/58 HPs)
             Began as a Minotaur Monk on June 17, 2013.
             Succumbed to a kobold's curare-tipped needle
             ... on Level 4 of the Dungeon.
             The game lasted 00:15:24 (3635 turns).

grblr the Spear-Bearer (Minotaur Monk)              Turns: 3635, Time: 00:15:24

HP   0/58        AC  6     Str 16      XL: 7   Next: 16%
MP   2/2         EV 12     Int 14      God:
Gold 159         SH  0     Dex 12      Spells:  0 memorised,  6 levels left

Res.Fire  : . . .   See Invis. : .   r - +0,+1 trident
Res.Cold  : + + .   Warding    : .   B - +3 leather armour "Phinyanu" {+Blink +Fly Life Prot.: . . . Conserve : . (no shield)
Res.Poison: .       Res.Corr.  : .   (helmet restricted)
Res.Elec. : .       Clarity    : .   (no cloak)
Sust.Abil.: . .     Spirit.Shd : .   (no gloves)
Res.Mut.  : .       Stasis     : .   (no boots)
Res.Rott. : .       Flight     : .   (no amulet)
Saprovore : . . .                    (no ring)
                                     (no ring)

@: brilliant, mildly poisoned, slightly resistant to hostile enchantments,
unstealthy
A: retaliatory headbutt, horns 2
a: Evoke Blink, Evoke Flight


You were on level 4 of the Dungeon.
You were hungry.

You visited 1 branch of the dungeon, and saw 5 of its levels.

You collected 159 gold pieces.

Inventory:

Hand weapons
 a - a +0 blowgun
 e - a +1,+1 dwarven mace
 r - a +0,+1 trident (weapon)
Missiles
 d - 6 curare-tipped needles
Armour
 v - a +0 orcish buckler
 x - a +0 scale mail
 A - a +0 orcish ring mail
 B - the +3 leather armour "Phinyanu" (worn) {+Blink +Fly rC++}
   (You found it on level 4 of the Dungeon)

   It greatly protects you from cold.
   It lets you fly.
   It lets you blink.
Magical devices
 w - a wand of frost (16)
Comestibles
 b - a bread ration
 k - a choko
Scrolls
 c - 5 scrolls of remove curse {unknown}
 h - 4 scrolls of identify
 n - a scroll of enchant armour
Jewellery
 i - an uncursed ring of regeneration {unknown}
 t - a cursed ring of hunger {unknown}
Potions
 m - a potion of invisibility {unknown}
 p - a potion of flight


   Skills:
 - Level 5.3 Fighting
 + Level 8.1 Polearms
 - Level 3.2 Dodging
 - Level 1.5 Stealth
 - Level 4.3 Unarmed Combat


You had 6 spell levels left.
You didn't know any spells.

Dungeon Overview and Level Annotations

Branches:
Dungeon (5/27)
 Temple: D:4-7

Altars:
Ashenzari
Elyvilon

Shops:
D:4: *


Innate Abilities, Weirdness & Mutations

You reflexively headbutt those who attack you in melee.
You have a pair of horns on your head.


Message History

You start resting.
* * * LOW HITPOINT WARNING * * *
You feel sick.
You start resting.
* * * LOW HITPOINT WARNING * * *
You feel sick.
You start resting.
* * * LOW HITPOINT WARNING * * *
You feel sick.
You start resting.
* * * LOW HITPOINT WARNING * * *
You feel sick.
Drink which item? (? for menu, Esc to quit)
Magic courses through your body.
It was a potion of magic.
* * * LOW HITPOINT WARNING * * *
You feel sick.
Drink which item? (? for menu, Esc to quit)
You feel more clever all of a sudden.
It was a potion of brilliance.
You die...

#.....##..# #.#
#.....##..# #.#
########..# #.# #..#
#.# #ยง.# #.#
##########..######.####
..............?.......#
.#########..######.##.#
............^...@...#.#
.#########.#..##.#..#.#
.# #.#...#.#..#.# .#
#.##..#.####.# .#
#.#...#......# .#
#.#########..# .#
#.##))(.)(#..# .#
#.##.####>...# .#
#.##.# ###.##


There were no monsters in sight!

Vanquished Creatures
  An ogre (D:4)
  2 crimson imps
  2 orc priests
  A hound (D:4)
  3 orc wizards
  2 hound skeletons (D:4)
  An iguana (D:4)
  2 worker ants (D:4)
  4 adders
  2 worms (D:3)
  A bat skeleton (D:4)
  4 giant geckos
  An ooze (D:1)
  15 orcs
  17 bats
  12 goblins
  8 hobgoblins
  4 jackals (D:4)
  7 kobolds
  2 quokkas
  2 ball pythons
  6 giant cockroaches
  2 giant newts (D:1)
  10 rats
111 creatures vanquished.

Vanquished Creatures (others)
  A jackal (D:4)
  A kobold (D:4)
2 creatures vanquished.

Grand Total: 113 creatures vanquished

Notes
Turn   | Place    | Note
--------------------------------------------------------------
     0 | D:1      | grblr, the Minotaur Monk, began the quest for the Orb.
     0 | D:1      | Reached XP level 1. HP: 17/17 MP: 0/0
   108 | D:1      | Reached XP level 2. HP: 20/25 MP: 0/0
   625 | D:2      | Reached skill level 5 in Fighting
   625 | D:2      | Reached XP level 3. HP: 26/30 MP: 1/1
   852 | D:2      | Reached skill level 1 in Polearms
   854 | D:2      | Found a white marble altar of Elyvilon.
  1583 | D:3      | Reached XP level 4. HP: 38/38 MP: 1/1
  2092 | D:3      | Reached XP level 5. HP: 45/45 MP: 1/1
  2142 | D:4      | Found Wousuwur's Assorted Antiques.
  2227 | D:4      | Noticed an ogre
  2241 | D:4      | Killed an ogre
  2241 | D:4      | Reached skill level 5 in Polearms
  2339 | D:4      | Reached skill level 6 in Polearms
  2339 | D:4      | Reached XP level 6. HP: 51/51 MP: 2/2
  2843 | D:4      | Reached skill level 7 in Polearms
  2859 | D:4      | Got a faintly humming leather armour
  2884 | D:4      | Found a shattered altar of Ashenzari.
  3118 | D:4      | Identified the +3 leather armour "Phinyanu" {+Blink +Fly rC++} (You found it on level 4 of the Dungeon)
  3219 | D:5      | Entered Level 5 of the Dungeon
  3225 | D:4      | Reached XP level 7. HP: 51/58 MP: 2/2
  3366 | D:5      | Reached skill level 8 in Polearms
  3633 | D:4      | HP: 2/58 [poisoned by a kobold (curare-tipped needle)]
  3635 | D:4      | Succumbed to a kobold's curare-tipped needle

Action                   |  1- 3 |  4- 6 |  7- 9 || total
-------------------------+-------+-------+-------++-------
Melee: Unarmed           |    17 |       |       ||    17
       Mace              |    23 |       |       ||    23
       Trident           |    53 |   178 |    45 ||   276
  Use: Potion            |       |     5 |     2 ||     7
       Scroll            |       |    11 |       ||    11
 Stab: Sleeping          |     5 |       |       ||     5
